AoeStats
← NDF

Arabia

505987297Analyzed
2v2 RM · 20d ago on Sep 11, 2026· 35m 27s· 4 players
Game mode
Random Map
Map size
Medium (4 player)
Population
200
Speed
Normal
Resources
Standard
Victory
Conquest
Starting age
Dark Age
Ending age
Imperial Age
RankedLock teamsTeams togetherTeam positionsShared explorationLock speedFull tech treeHidden civsTurbo modeCheats
Victory
Defeat
🇦🇷 Teutons · Argentina
710
+15
🇦🇷 Spanish · Argentina
709
+15
🇩🇴 Britons · Dominican Republic
690
-15
🇨🇭 Mongols · Switzerland
685
-15
Merlin der grosse
10:39 Feudal Age
12:04 Wheelbarrow
12:13 Gold Mining
13:34 Double-Bit Axe
18:59 Castle Age
18:34 Stone Mining
20:36 Loom
20:38 Town Watch
21:25 Horse Collar
22:49 Bloodlines
24:03 Light Cavalry
27:09 Stone Shaft Mining
31:42 Man-at-Arms
a.mglass
1:31 Loom
10:36 Feudal Age
11:15 Double-Bit Axe
14:18 Wheelbarrow
15:09 Gold Mining
16:18 Horse Collar
22:42 Castle Age
20:47 Man-at-Arms
21:14 Arson
21:58 Stone Mining
22:24 Scale Mail Armor
25:23 Pikeman
26:14 Elite Skirmisher
26:57 Padded Archer Armor
27:04 Scale Barding Armor
27:17 Fletching
28:08 Heavy Plow
31:50 Bow Saw
NDF
3:56 Loom
13:11 Feudal Age
14:07 Man-at-Arms
19:36 Castle Age
17:45 Horse Collar
18:34 Double-Bit Axe
18:44 Gold Mining
20:10 Elite Skirmisher
21:10 Bow Saw
21:10 Stone Mining
22:43 Padded Archer Armor
22:33 Fletching
31:42 Stone Shaft Mining
33:55 Bodkin Arrow
35:12 Heavy Plow
35:26 Scale Mail Armor
estebanpa
10:52 Feudal Age
11:26 Loom
11:37 Loom
11:39 Horse Collar
12:36 Double-Bit Axe
17:04 Gold Mining
20:04 Castle Age
18:48 Stone Mining
19:17 Scale Barding Armor
19:34 Bloodlines
21:52 Chain Barding Armor
21:40 Heavy Plow
22:23 Bow Saw
23:41 Stone Shaft Mining
32:26 Gambesons
32:02 Man-at-Arms
Connection lost

Rejoining the realm…

Still unreachable

The connection could not be restored.

Session expired

The server has moved on; the page needs a fresh start.